 Dungeon Crawl Stone Soup version 0.28.0-53-g5a82cb258f (webtiles) character file.

Game seed: 11452570163796937793

1945 wingedge the Agent of Entropy (level 8, -10/69 HPs)
             Began as a Palentonga Abyssal Knight on June 13, 2022.
             Was a Priest of Lugonu.
             Mangled by a two-headed ogre
             ... wielding a +0 giant spiked club
              (22 damage)
             ... on level 6 of the Dungeon.
             The game lasted 00:20:16 (6611 turns).

wingedge the Agent of Entropy (PaAK)                Turns: 6611, Time: 00:20:17

Health: -10/69     AC: 16    Str: 18    XL:     8   Next: 98%
Magic:  13/13      EV:  8    Int: 14    God:    Lugonu [***...]
Gold:   283        SH:  0    Dex: 11    Spells: 7/7 levels left

rFire   + . .      SeeInvis +   e - +6 club
rCold   . . .      Faith    .   (no shield)
rNeg    . . .      Spirit   .   l - +2 ring mail of Valour {rF+ Int+3}
rPois   .          Reflect  .   (no helmet)
rElec   .          Harm     .   (no cloak)
rCorr   .          Rampage  .   c - +0 pair of gloves
Will    .....                   (no barding)
Stlth   +.........              (no amulet)
HPRegen 0.21/turn               u - ring of wizardry
MPRegen 0.13/turn               (no ring)

@: curled up
A: large, rugged brown scales 3, see invisible, deformed body, roll 1, armoured
tail, reflexive curl, talons 1
a: Rolling Charge, Renounce Religion, Depart the Abyss, Bend Space, Banish


You were on level 6 of the Dungeon.
You worshipped Lugonu.
Lugonu was most pleased with you.
You visited 1 branch of the dungeon, and saw 6 of its levels.
You visited the Abyss 1 time.

You collected 283 gold pieces.

Inventory:

Hand Weapons
 a - a +1 short sword
 b - a +0 long sword
 e - a +6 club (weapon)
 k - a +0 halberd
 m - a +3 hunting sling
Missiles
 f - 9 bolts
 j - 15 poisoned darts
 n - 58 arrows
Armour
 c - a +0 pair of gloves (worn)
 l - the +2 ring mail of Valour (worn) {rF+ Int+3}
   (You took it off a goblin on level 2 of the Dungeon)

   Int:       It affects your intelligence (+3).
   rF:        It protects you from fire.
Jewellery
 u - a ring of wizardry (left hand)
Wands
 h - a wand of acid (4)
 t - a wand of polymorph (11)
Scrolls
 g - a scroll of silence {unknown}
 i - 2 scrolls of vulnerability
 o - 2 scrolls of fear
 q - 2 scrolls of teleportation
 s - a scroll of noise {unknown}
 v - a scroll of fog {unknown}
 y - a scroll of magic mapping {unknown}
Potions
 d - 2 potions of curing
 p - a potion of heal wounds
 r - 2 potions of degeneration {unknown}
 w - a potion of magic {unknown}
 x - a potion of mutation


   Skills:
 + Level 6.8 Fighting
 - Level 3.3 Short Blades
 + Level 5.2 Maces & Flails
 - Level 2.0 Armour
 + Level 1.4 Dodging
 + Level 7.0 Invocations
 + Level 3.6 Evocations


You had 7 spell levels left.
You didn't know any spells.
Your spell library contained the following spells:

 Spells                   Type           Power      Damage    Failure   Level
 Sting                    Tmut/Pois      0%         1d3       21%         1
 Corpse Rot               Necr/Air       0%         N/A       28%         2
 Poisonous Vapours        Pois/Air       0%         N/A       28%         2
 Ozocubu's Armour         Ice            0%         N/A       50%         3
 Olgreb's Toxic Radiance  Pois           0%         N/A       86%         4
 Fireball                 Conj/Fire      0%         3d3       99%         5
 Iskenderun's Battlesphe  Conj           0%         2d6       99%         5
 Metabolic Englaciation   Hex/Ice        0%         N/A       99%         5
 Conjure Ball Lightning   Conj/Air       0%         3x3d6     100%        6
 Simulacrum               Ice/Necr       0%         N/A       100%        6
 Orb of Destruction       Conj           0%         9d5       100%        7


Dungeon Overview and Level Annotations

Branches:
Dungeon (6/15)             Temple (0/1) D:5

Altars:
Cheibriados
Dithmenos
Kikubaaqudgha
Makhleb
Nemelex Xobeh
Ru

Annotations:
D:3 1 runed translucent door, 0gre's ghost, weakling GnIE
Abyss:1 Dowan; Duvessa


Innate Abilities, Weirdness & Mutations

You are completely covered in rugged brown scales. (AC +3, +7% HP)
You have supernaturally acute eyesight. (SInv)
Armour fits poorly on your strangely shaped body.
You can roll at nearby foes to attack.
You have a long armoured tail.
You curl defensively after being hit. (AC +7*)
You have sharp toenails.


Message History

Aim: a two-headed ogre, wielding two +0 giant spiked clubs (88% to hit)
The bolt of acid hits the two-headed ogre!
The acid corrodes the two-headed ogre!
The two-headed ogre is moderately wounded.
Aiming: Corrosive Bolt
Press: ? - help, Shift-Dir - straight line, f/p - two-headed ogre
Aim: a two-headed ogre, wielding two +0 giant spiked clubs (moderately wounded, covered in acid, 88% to hit)
The bolt of acid hits the two-headed ogre!!
The two-headed ogre seems to be corroded for longer.
The two-headed ogre is heavily wounded.
Aiming: Corrosive Bolt
Press: ? - help, Shift-Dir - straight line, f/p - two-headed ogre
Aim: a two-headed ogre, wielding two +0 giant spiked clubs (heavily wounded, covered in acid, 88% to hit)
The bolt of acid misses the two-headed ogre.
Roll where?
Press: ? - help, Q - select action, (/) - cycle Dir - move target, f/p - two-headed ogre
Aim: a two-headed ogre, wielding two +0 giant spiked clubs (heavily wounded, covered in acid)
You roll forward with a clatter of scales!
You sock the two-headed ogre! You claw the two-headed ogre.
You tail-slap the two-headed ogre.
The two-headed ogre is almost dead.
The two-headed ogre hits you but does no damage.
The two-headed ogre hits you with a +0 giant spiked club!
You barely miss the two-headed ogre.
Your tail-slap misses the two-headed ogre.
The two-headed ogre is almost dead.
The two-headed ogre hits you with a +0 giant spiked club!
The two-headed ogre hits you with a +0 giant spiked club.
You closely miss the two-headed ogre. You claw the two-headed ogre.
The two-headed ogre is almost dead.
The two-headed ogre closely misses you.
The two-headed ogre hits you with a +0 giant spiked club!!
* * * LOW HITPOINT WARNING * * *
You barely miss the two-headed ogre.
The two-headed ogre is almost dead.
You hit the two-headed ogre.
Your tail-slap misses the two-headed ogre.
The two-headed ogre is almost dead.
The two-headed ogre hits you with a +0 giant spiked club!!
You die...

.. #### ..####....
.......## #........
#......## #.(......
#####.##.#.#
##...†....#.#
+.....@...#.# ####
#......O....###.>..
#.#..#.#†...#......
###'#..#.#...†#.#....
#..<...#.#...........
#......#.#...........
#.......#.##..........
#..........#..........
#..........#......#...


You could see a two-headed ogre (corroded).

Vanquished Creatures
  A two-headed ogre (D:5)
  Menkaure (D:4)
  Edmund (D:5)
  A water moccasin (D:4)
  An ice beast (D:5)
  A necrophage (D:6)
  An ogre (D:5)
  A water moccasin zombie (D:5)
  2 water moccasin skeletons (D:5)
  A centaur skeleton (D:5)
  A hound (D:6)
  A bullfrog zombie (D:3)
  2 bullfrog skeletons
  A gnoll shaman (D:5)
  Jessica (D:3)
  An iguana (D:3)
  7 gnolls
  A howler monkey skeleton (D:4)
  6 river rats (D:4)
  3 adders
  An adder skeleton (D:4)
  2 worms (D:4)
  2 dart slugs (D:1)
  2 orcs (D:3)
  8 ball pythons
  6 bats
  5 endoplasms
  2 giant cockroaches
  11 goblins
  7 hobgoblins
  3 quokkas
  5 frilled lizards
  6 kobolds
  9 rats
104 creatures vanquished.

Notes
Turn   | Place    | Note
-------+----------+-------------------------------------------
     0 | Abyss:1  | wingedge the Palentonga Abyssal Knight began the quest for
                  | the Orb.
     0 | Abyss:1  | Reached XP level 1. HP: 19/19 MP: 2/2
    50 | D:1      | Escaped the Abyss
   221 | D:1      | Reached skill level 1 in Dodging
   295 | D:1      | Reached XP level 2. HP: 21/25 MP: 3/3
   628 | D:1      | Reached ** piety under Lugonu
   897 | D:1      | Reached XP level 3. HP: 31/31 MP: 4/4
  1345 | D:2      | Identified the +2 ring mail of Valour {rF+ Int+3}
  1893 | D:2      | Reached XP level 4. HP: 35/38 MP: 6/6
  1923 | D:2      | Reached skill level 3 in Invocations
  1964 | D:2      | Found a faded altar of an unknown god.
  2336 | D:3      | Noticed Jessica
  2397 | D:3      | Killed Jessica
  2398 | D:3      | Reached XP level 5. HP: 8/44 MP: 7/7
  2660 | D:3      | Found an ancient bone altar of Kikubaaqudgha.
  3058 | D:3      | Found a runed translucent door.
  3059 | D:3      | Noticed 0gre's ghost (weakling GnIE)
  3254 | D:3      | Reached *** piety under Lugonu
  3312 | D:3      | Found a shadowy altar of Dithmenos.
  3335 | D:3      | Found a snail-covered altar of Cheibriados.
  3498 | D:3      | Reached skill level 1 in Maces & Flails
  4005 | D:4      | Noticed a water moccasin
  4025 | D:4      | Killed a water moccasin
  4026 | D:4      | Reached skill level 4 in Invocations
  4026 | D:4      | Reached XP level 6. HP: 10/52 MP: 7/9
  4343 | D:4      | Noticed Duvessa
  4343 | D:4      | Noticed Dowan
  4354 | D:4      | Gained mutation: You have sharp toenails. [potion of
                  | mutation]
  4359 | D:4      | Banished Duvessa
  4360 | D:4      | Banished Dowan
  4361 | D:4      | Reached skill level 5 in Fighting
  4666 | D:4      | Found a sacrificial altar of Ru.
  4734 | D:4      | Noticed Menkaure
  4750 | D:4      | Killed Menkaure
  4751 | D:4      | Reached skill level 5 in Invocations
  4751 | D:4      | Gained mutation: You curl defensively after being hit. (AC
                  | +7*) [Palentonga growth]
  4751 | D:4      | Reached XP level 7. HP: 14/59 MP: 10/10
  5183 | D:4      | Found a burning altar of Makhleb.
  5607 | D:5      | Entered Level 5 of the Dungeon
  5655 | D:5      | Reached skill level 1 in Evocations
  5837 | D:5      | Found a staircase to the Ecumenical Temple.
  6027 | D:5      | Noticed Edmund
  6036 | D:5      | Killed Edmund
  6037 | D:5      | Reached XP level 8. HP: 68/68 MP: 12/12
  6040 | D:5      | Reached skill level 6 in Invocations
  6142 | D:5      | Noticed a two-headed ogre
  6149 | D:5      | Killed a two-headed ogre
  6150 | D:5      | Reached skill level 5 in Maces & Flails
  6293 | D:5      | Found a sparkling altar of Nemelex Xobeh.
  6591 | D:6      | Reached skill level 7 in Invocations
  6601 | D:6      | Noticed a two-headed ogre
  6611 | D:6      | Mangled by a two-headed ogre

Illustrated notes

Levels and vault maps discovered:
D:1:      dpeg_arrival_ratfight, layout_basic, minmay_tromino_v2
D:2:      layout_loops_cross, basic_ecumenical_altar
D:3:      layout_loops_ring, lemuel_coloured_pillars_altar,
          nicolae_kikubaaqudgha_miasma_corner, mainiacjoe_overflow_catwalk,
          gammafunk_ghost_grave, serial_co_window_serial, co_window_cross_1,
          co_window_corner_a, co_window_cross_1, co_window_of_opportunity_a,
          co_window_of_opportunity_a, co_window_cross_3, co_window_corner_ca,
          co_window_unsneaky_path_d, co_window_2corner,
          co_window_unsneaky_path_d, uniq_jessica
D:4:      layout_loops_ring, kennysheep_little_box, amcnicky_altar_gilded,
          lightli_sewer_entry_pipes, fountainhead, uniq_menkaure, uniq_duvessa
D:5:      layout_loops_ring, nemelex_diamond_rough_becter,
          minmay_temple_entry_trees, uniq_edmund
D:6:      layout_basic, mainiacjoe_overflow_alcove_2,
          gammafunk_ghost_gnarly_gnolls, uniq_grinder

Skill      XL: |  1  2  3  4  5  6  7  8 |
---------------+-------------------------+-----
Dodging        | 1 |  1.4
Armour         | 2 |  2.0
Invocations    | 3 4 5 7 |  7.0
Short Blades   | 3 |  3.3
Fighting       | 4 5 6 |  6.8
Maces & Flails | 1 3 4 5 |  5.2
Evocations     | 2 3 |  3.6

Action                   |  1- 3 |  4- 6 |  7- 9 || total
-------------------------+-------+-------+-------++-------
Melee: Short sword       |   108 |    47 |       ||   155
       Tailslap          |    17 |    14 |    11 ||    42
       Punch             |       |     2 |     2 ||     4
       Club              |       |    79 |   118 ||   197
       Kick              |       |     2 |    35 ||    37
Throw: Throwing net      |       |     3 |       ||     3
Invok: Bend Space        |       |     1 |       ||     1
       Banish            |       |     2 |       ||     2
 Abil: Rolling Charge    |    15 |    20 |    11 ||    46
Evoke: Wand              |       |       |     8 ||     8
  Use: Potion            |     3 |     7 |       ||    10
       Scroll            |       |     3 |       ||     3
Armor: Leather armour    |     8 |       |       ||     8
       Ring mail         |    22 |    41 |    46 ||   109
Dodge: Dodged            |    40 |    36 |    48 ||   124
